| TOP OF THE 1ST |
|
Burlington Senators batting - Pitching for Raleigh-Durham Capitals : RHP Randall Evans
|
|
Pitching: RHP Randall Evans
|
|
|
Batting: LHB Daniel Spain
|
0-0: Fly out, F8 (Flyball, 8LD, EV 100.0 MPH)
|
|
Batting: RHB Raymond Bresnahan
|
0-0: Foul Ball, location: 2F 0-1: Ball 1-1: Ball 2-1: Ground out U3 (Groundball, 3, EV 100.0 MPH)
|
|
Batting: RHB Michael Spinozzi
|
0-0: Ball 1-0: Ball 2-0: Ball 3-0: Base on Balls
|
|
Batting: LHB John Skorochocki
|
0-0: Ball 1-0: Fly out, F6 (Popup, 6MD, EV 58.1 MPH)
|
| Top of the 1st over - 0 runs, 0 hits, 0 errors, 1 left on base; Burlington 0 - Raleigh-Durham 0 |
| BOTTOM OF THE 1ST |
|
Raleigh-Durham Capitals batting - Pitching for Burlington Senators : RHP Chuck Fore
|
|
Pitching: RHP Chuck Fore
|
|
|
Batting: RHB Kenneth Patterson
|
0-0: Ball 1-0: Called Strike 1-1: Ground out 4-3 (Groundball, 4, EV 83.8 MPH)
|
|
Batting: RHB Bobby Supel
|
0-0: Called Strike 0-1: Foul Ball, location: 2F 0-2: Ball 1-2: Ball 2-2: Ground out 1-3 (Groundball, 13S, EV 75.6 MPH)
|
|
Batting: LHB Dwight Taylor
|
0-0: Ground out 4-3 (Groundball, 4, EV 84.4 MPH)
|
| Bottom of the 1st over - 0 runs, 0 hits, 0 errors, 0 left on base; Burlington 0 - Raleigh-Durham 0 |
| TOP OF THE 2ND |
|
Burlington Senators batting - Pitching for Raleigh-Durham Capitals : RHP Randall Evans
|
|
Batting: RHB Richard Hertel
|
0-0: Ball 1-0: Ground out 6-3 (Groundball, 56, EV 108.1 MPH)
|
|
Batting: LHB Jesus Sandoval
|
0-0: Fly out, F8 (Flyball, 89M, EV 98.8 MPH)
|
|
Batting: RHB Glenn Millhauser
|
0-0: Ball 1-0: Ball 2-0: Ground out 5-3 (Groundball, 56, EV 89.4 MPH)
|
| Top of the 2nd over - 0 runs, 0 hits, 0 errors, 0 left on base; Burlington 0 - Raleigh-Durham 0 |
| BOTTOM OF THE 2ND |
|
Raleigh-Durham Capitals batting - Pitching for Burlington Senators : RHP Chuck Fore
|
|
Batting: RHB Christopher Barbone
|
0-0: Ball 1-0: Fly out, F8 (Flyball, 8LS, EV 91.3 MPH)
|
|
Batting: RHB Tony Camara
|
0-0: Ball 1-0: Foul Ball, location: 2F 1-1: Ball 2-1: Fly out, F8 (Line Drive, 8LM, EV 93.1 MPH)
|
|
Batting: LHB Richard Kelly
|
0-0: SINGLE (Groundball, 34D, EV 100.6 MPH)
|
|
Batting: RHB Kevin MacDonald
|
0-0: Called Strike 0-1: Ball 1-1: Ball 2-1: Ball 3-1: Base on Balls Richard Kelly to second
|
|
Batting: RHB Luis Brito
|
0-0: Ball Wild Pitch! Richard Kelly to third Kevin MacDonald to second 1-0: Fly out, F8 (Flyball, 8RM, EV 87.5 MPH)
|
| Bottom of the 2nd over - 0 runs, 1 hit, 0 errors, 2 left on base; Burlington 0 - Raleigh-Durham 0 |
| TOP OF THE 3RD |
|
Burlington Senators batting - Pitching for Raleigh-Durham Capitals : RHP Randall Evans
|
|
Batting: RHB Ronnie Mears
|
0-0: Ball 1-0: Ball 2-0: Called Strike 2-1: Ball 3-1: SINGLE (Line Drive, 78S, EV 94.4 MPH)
|
|
Batting: RHB Brad Bauman
|
0-0: Ball Ronnie Mears is caught stealing 2nd base 2-4 1-0: SINGLE (Groundball, 6D, EV 98.1 MPH)
|
|
Batting: LHB Daniel Spain
|
0-0: Ball 1-0: Ball Wild Pitch! Brad Bauman to second 2-0: Ground out 6-3 (Groundball, 6, EV 84.4 MPH)
|
|
Batting: RHB Raymond Bresnahan
|
0-0: Called Strike 0-1: Fly out, F8 (Flyball, 8RD, EV 94.4 MPH)
|
| Top of the 3rd over - 0 runs, 2 hits, 0 errors, 1 left on base; Burlington 0 - Raleigh-Durham 0 |
| BOTTOM OF THE 3RD |
|
Raleigh-Durham Capitals batting - Pitching for Burlington Senators : RHP Chuck Fore
|
|
Batting: RHB Marshall Burk
|
0-0: Ground out 6-3 (Groundball, 6, EV 108.1 MPH)
|
|
Batting: RHB Kenneth Patterson
|
0-0: Called Strike 0-1: Called Strike 0-2: Ball 1-2: Ball 2-2: Strikes out swinging
|
|
Batting: RHB Bobby Supel
|
0-0: Foul Ball, location: 2F 0-1: Called Strike 0-2: Strikes out looking
|
| Bottom of the 3rd over - 0 runs, 0 hits, 0 errors, 0 left on base; Burlington 0 - Raleigh-Durham 0 |
| TOP OF THE 4TH |
|
Burlington Senators batting - Pitching for Raleigh-Durham Capitals : RHP Randall Evans
|
|
Batting: RHB Michael Spinozzi
|
0-0: Ball 1-0: Ball 2-0: Called Strike 2-1: Foul Ball, location: 2F 2-2: Ball 3-2: Foul Ball, location: 2F 3-2: Ground out 5-3 (Groundball, 56, EV 84.4 MPH)
|
|
Batting: LHB John Skorochocki
|
0-0: Ball 1-0: Foul Ball, location: 2F 1-1: Ground out 3-1 (Groundball, 34, EV 100.0 MPH)
|
|
Batting: RHB Richard Hertel
|
0-0: Ball 1-0: Fly out, F9 (Flyball, 9S, EV 90.0 MPH)
|
| Top of the 4th over - 0 runs, 0 hits, 0 errors, 0 left on base; Burlington 0 - Raleigh-Durham 0 |
| BOTTOM OF THE 4TH |
|
Raleigh-Durham Capitals batting - Pitching for Burlington Senators : RHP Chuck Fore
|
|
Batting: LHB Dwight Taylor
|
0-0: Ball 1-0: Ball 2-0: Ball 3-0: Called Strike 3-1: Called Strike 3-2: Base on Balls
|
|
Batting: RHB Christopher Barbone
|
0-0: Ball 1-0: Called Strike 1-1: Ball 2-1: Ball 3-1: Base on Balls Dwight Taylor to second
|
|
Batting: RHB Tony Camara
|
0-0: Ball 1-0: Ball 2-0: Ball 3-0: Base on Balls Dwight Taylor to third Christopher Barbone to second
|
|
Batting: LHB Richard Kelly
|
0-0: Ball 1-0: Ball 2-0: Foul Ball, location: 2F 2-1: Reached on error, E3 (Groundball, 34, EV 84.4 MPH) Dwight Taylor scores Christopher Barbone to third Tony Camara to second
|
|
Batting: RHB Kevin MacDonald
|
0-0: Ball 1-0: Foul Ball, location: 2F 1-1: Ball 2-1: Fielders Choice at 2nd, 3-6 (Groundball, 3, EV 98.8 MPH) Christopher Barbone scores Tony Camara to third
|
|
Batting: RHB Luis Brito
|
0-0: Called Strike 0-1: Ball 1-1: Called Strike 1-2: Foul Ball, location: 2F 1-2: Ball 2-2: Ball 3-2: Grounds into double play, 6-4-3 (Groundball, 6, EV 78.8 MPH)
|
| Bottom of the 4th over - 2 runs, 0 hits, 1 error, 1 left on base; Burlington 0 - Raleigh-Durham 2 |
| TOP OF THE 5TH |
|
Burlington Senators batting - Pitching for Raleigh-Durham Capitals : RHP Randall Evans
|
|
Batting: LHB Jesus Sandoval
|
0-0: Foul Ball, location: 2F 0-1: Ball 1-1: Foul Ball, location: 2F 1-2: Fly out, F4 (Popup, 34S, EV 78.1 MPH)
|
|
Batting: RHB Glenn Millhauser
|
0-0: TRIPLE (Flyball, 89XD, EV 99.4 MPH)
|
|
Batting: RHB Ronnie Mears
|
0-0: Ball 1-0: Called Strike 1-1: Ground out 5-3 (Groundball, 56, EV 108.1 MPH) Glenn Millhauser scores
|
|
Batting: RHB Brad Bauman
|
0-0: Foul Ball, location: 2F 0-1: Called Strike 0-2: Ground out U3 (Groundball, 3, EV 76.9 MPH)
|
| Top of the 5th over - 1 run, 1 hit, 0 errors, 0 left on base; Burlington 1 - Raleigh-Durham 2 |
| BOTTOM OF THE 5TH |
|
Raleigh-Durham Capitals batting - Pitching for Burlington Senators : RHP Chuck Fore
|
|
Batting: RHB Marshall Burk
|
0-0: Ball 1-0: Called Strike 1-1: Ball 2-1: Foul Ball, location: 2F 2-2: Ground out 6-3 (Groundball, 56, EV 87.5 MPH)
|
|
Batting: RHB Kenneth Patterson
|
0-0: SINGLE (Line Drive, 78S, EV 109.4 MPH)
|
|
Batting: RHB Bobby Supel
|
0-0: Ball 1-0: Called Strike 1-1: Ball 2-1: Foul Ball, location: 2F 2-2: Foul Ball, location: 2F 2-2: SINGLE (Line Drive, 5D, EV 94.4 MPH) Kenneth Patterson to second Runner from 2nd tries for 3rd, SAFE, no throw by LF
|
|
Batting: LHB Dwight Taylor
|
0-0: Ball 1-0: Foul Ball, location: 2F 1-1: Ball 2-1: Fly out, F7 (Flyball, 7, EV 95.6 MPH)
|
|
Batting: RHB Christopher Barbone
|
0-0: Ball 1-0: Foul Ball, location: 2F 1-1: Ball 2-1: Ball 3-1: Base on Balls Bobby Supel to second
|
|
Batting: RHB Tony Camara
|
0-0: Ground out 4-3 (Groundball, 4S, EV 81.9 MPH)
|
| Bottom of the 5th over - 0 runs, 2 hits, 0 errors, 3 left on base; Burlington 1 - Raleigh-Durham 2 |
| TOP OF THE 6TH |
|
Burlington Senators batting - Pitching for Raleigh-Durham Capitals : RHP Randall Evans
|
|
Batting: LHB Daniel Spain
|
0-0: Ball 1-0: Ball 2-0: Ground out 3-1 (Groundball, 34, EV 86.3 MPH)
|
|
Batting: RHB Raymond Bresnahan
|
0-0: Foul Ball, location: 2F 0-1: Ball 1-1: Ball 2-1: Ball 3-1: Base on Balls
|
|
Batting: RHB Michael Spinozzi
|
0-0: Ball 1-0: Foul Ball, location: 2F 1-1: SINGLE (Groundball, 6MD, EV 108.1 MPH) Raymond Bresnahan to second Runner from 2nd tries for 3rd, SAFE, no throw by CF
|
|
Batting: LHB John Skorochocki
|
0-0: Ball 1-0: Ball 2-0: Ball 3-0: Called Strike 3-1: Fly out, F9 (Flyball, 89M, EV 91.3 MPH)
|
|
Batting: RHB Richard Hertel
|
0-0: DOUBLE (Line Drive, 89D, EV 106.9 MPH) Raymond Bresnahan scores Michael Spinozzi to third Runner from 3rd tries for Home, SAFE, no throw by CF
|
|
Batting: LHB Jesus Sandoval
|
0-0: Called Strike 0-1: Swinging Strike 0-2: Ball 1-2: SINGLE (Line Drive, 56D, EV 100.0 MPH) Richard Hertel to third Runner from 3rd tries for Home, SAFE, throw by LF to home
|
|
Batting: RHB Glenn Millhauser
|
0-0: Ball 1-0: Called Strike 1-1: Ball 2-1: Foul Ball, location: 2F 2-2: Fly out, F8 (Flyball, 8LM, EV 81.9 MPH)
|
| Top of the 6th over - 3 runs, 3 hits, 0 errors, 1 left on base; Burlington 4 - Raleigh-Durham 2 |
| BOTTOM OF THE 6TH |
|
Raleigh-Durham Capitals batting - Pitching for Burlington Senators : RHP Chuck Fore
|
|
Batting: LHB Richard Kelly
|
0-0: Ball 1-0: Ball 2-0: TRIPLE (Groundball, 3L, EV 96.9 MPH)
|
|
Batting: RHB Kevin MacDonald
|
0-0: Called Strike 0-1: Foul Ball, location: 2F 0-2: Foul Ball, location: 2F 0-2: Ball 1-2: Fly out, F9 (Flyball, 9, EV 86.9 MPH) Runner from 3rd tags up, SCORES, throw by RF
|
|
Batting: RHB Luis Brito
|
0-0: Ball 1-0: Foul Ball, location: 2F 1-1: Called Strike 1-2: Ball 2-2: Fly out, F8 (Flyball, 8RM, EV 81.9 MPH)
|
|
Batting: RHB Marshall Burk
|
0-0: Ball 1-0: Ball 2-0: Called Strike 2-1: Ball 3-1: Ground out 5-3 (Groundball, 56S, EV 86.9 MPH)
|
| Bottom of the 6th over - 1 run, 1 hit, 0 errors, 0 left on base; Burlington 4 - Raleigh-Durham 3 |
| TOP OF THE 7TH |
|
Burlington Senators batting - Pitching for Raleigh-Durham Capitals : RHP Randall Evans
|
|
Batting: RHB Ronnie Mears
|
0-0: Called Strike 0-1: Called Strike 0-2: Ball 1-2: Strikes out looking
|
|
Batting: RHB Brad Bauman
|
0-0: Swinging Strike 0-1: Ball 1-1: Called Strike 1-2: Fly out, F9 (Flyball, 89D, EV 108.1 MPH)
|
|
Batting: LHB Daniel Spain
|
0-0: Foul Ball, location: 2F 0-1: Ball 1-1: Ball 2-1: Ground out 3-1 (Groundball, 34, EV 83.1 MPH)
|
| Top of the 7th over - 0 runs, 0 hits, 0 errors, 0 left on base; Burlington 4 - Raleigh-Durham 3 |
| BOTTOM OF THE 7TH |
|
Raleigh-Durham Capitals batting - Pitching for Burlington Senators : RHP Chuck Fore
|
|
Batting: RHB Kenneth Patterson
|
0-0: Ball 1-0: Called Strike 1-1: Ball 2-1: Ball 3-1: SINGLE (Groundball, 34D, EV 106.3 MPH)
|
|
Batting: RHB Bobby Supel
|
0-0: Called Strike 0-1: Ball 1-1: Ball 2-1: Fly out, F9 (Flyball, 9, EV 75.6 MPH)
|
|
Batting: LHB Dwight Taylor
|
0-0: Swinging Strike 0-1: Called Strike Kenneth Patterson steals 2nd base (no throw) 0-2: Ball 1-2: Ball 2-2: Fly out, F8 (Flyball, 8RD, EV 99.4 MPH) Runner from 2nd tags up, SAFE at 3rd with throw by CF
|
|
Batting: RHB Christopher Barbone
|
0-0: Called Strike 0-1: Ball 1-1: Fly out, F8 (Flyball, 8LM, EV 95.6 MPH)
|
| Bottom of the 7th over - 0 runs, 1 hit, 0 errors, 1 left on base; Burlington 4 - Raleigh-Durham 3 |
| TOP OF THE 8TH |
|
Burlington Senators batting - Pitching for Raleigh-Durham Capitals : RHP Randall Evans
|
|
Batting: RHB Raymond Bresnahan
|
0-0: Ball 1-0: Ball 2-0: Ball 3-0: Foul Ball, location: 2F 3-1: Called Strike 3-2: Strikes out looking
|
|
Batting: RHB Michael Spinozzi
|
0-0: Foul Ball, location: 2F 0-1: Ball 1-1: DOUBLE (Flyball, 89D, EV 104.4 MPH)
|
|
Batting: LHB John Skorochocki
|
0-0: Intentional Walk
|
|
Batting: RHB Richard Hertel
|
0-0: Ball 1-0: Ball 2-0: Ball 3-0: Called Strike 3-1: Fly out, F7 (Flyball, 78S, EV 95.0 MPH)
|
|
Batting: LHB Jesus Sandoval
|
0-0: Foul Ball, location: 2F 0-1: Foul Ball, location: 2F 0-2: Ground out 4-3 (Groundball, 4, EV 83.1 MPH)
|
| Top of the 8th over - 0 runs, 1 hit, 0 errors, 2 left on base; Burlington 4 - Raleigh-Durham 3 |
| BOTTOM OF THE 8TH |
|
Raleigh-Durham Capitals batting - Pitching for Burlington Senators : RHP Chuck Fore
|
|
Batting: RHB Tony Camara
|
0-0: Ball 1-0: Ball 2-0: Ball 3-0: Base on Balls
|
|
Batting: LHB Richard Kelly
|
0-0: Called Strike 0-1: Foul Ball, location: 2F 0-2: Foul Ball, location: 2F 0-2: Ball 1-2: Strikes out swinging
|
|
Batting: RHB Kevin MacDonald
|
0-0: Ball 1-0: Ball 2-0: Called Strike 2-1: Foul Ball, location: 2F 2-2: Ball 3-2: Fly out, F9 (Flyball, 9, EV 90.6 MPH)
|
|
Batting: RHB Luis Brito
|
0-0: Swinging Strike 0-1: Called Strike 0-2: Ball 1-2: Ball 2-2: Foul Ball, location: 2F 2-2: Foul Ball, location: 2F 2-2: Foul Ball, location: 2F 2-2: SINGLE (Flyball, 89S, EV 88.8 MPH) Tony Camara to second Runner from 2nd tries for 3rd, SAFE, no throw by CF
|
|
Pinch Hitting: LHB Dermot Moriarty
|
0-0: Ball Wild Pitch! Tony Camara scores Luis Brito to second 1-0: DOUBLE (Line Drive, 9LM, EV 103.1 MPH) Luis Brito scores
|
|
Pitching: RHP Ramon Fernandez
|
|
|
Batting: RHB Kenneth Patterson
|
0-0: Ball 1-0: Ball 2-0: Called Strike 2-1: Ball 3-1: Called Strike 3-2: Foul Ball, location: 2F 3-2: Base on Balls
|
|
Batting: RHB Bobby Supel
|
0-0: Called Strike 0-1: Ball 1-1: Ball 2-1: Fly out, F3 (Popup, 3SF, EV 70.6 MPH)
|
| Bottom of the 8th over - 2 runs, 2 hits, 0 errors, 2 left on base; Burlington 4 - Raleigh-Durham 5 |
| TOP OF THE 9TH |
|
Burlington Senators batting - Pitching for Raleigh-Durham Capitals : RHP Randall Evans
|
|
Pitching: LHP Randall Binkley
|
|
|
Now at 2B: Jim Wessinger
|
|
|
Now in LF: Bobby Bloodsaw
|
|
|
Batting: RHB Glenn Millhauser
|
0-0: Ball 1-0: Foul Ball, location: 2F 1-1: Ball 2-1: Foul Ball, location: 2F 2-2: Ball 3-2: Fly out, F9 (Flyball, 9S, EV 93.1 MPH)
|
|
Pinch Hitting: RHB Joseph Lorenz
|
0-0: Ball 1-0: Called Strike 1-1: Ball 2-1: Foul Ball, location: 2F 2-2: Fly out, F9 (Flyball, 9, EV 83.1 MPH)
|
|
Pinch Hitting: RHB Richard Hatcher
|
0-0: Called Strike 0-1: Foul Ball, location: 2F 0-2: Foul Ball, location: 2F 0-2: Ground out 6-3 (Groundball, 56, EV 105.6 MPH)
|
| Top of the 9th over - 0 runs, 0 hits, 0 errors, 0 left on base; Burlington 4 - Raleigh-Durham 5 |
|